AoeStats
← Hugo2001

Hideout

510026414Analyzed
1v1 RM · 4d ago on Sep 29, 2026· 38m 31s· 2 players
Game mode
Random Map
Map size
Tiny (2 player)
Population
200
Speed
Normal
Resources
Standard
Victory
Conquest
Starting age
Dark Age
Ending age
Imperial Age
RankedLock teamsTeams togetherTeam positionsShared explorationLock speedFull tech treeHidden civsTurbo modeCheats
Victory
Defeat
🇺🇸 Danes · United States
1000
+15
🇵🇪 Khmer · Peru
983
-15
Hugo2001
11:41 Feudal Age
16:21 Castle Age
14:15 Double-Bit Axe
17:11 Loom
Gohma
8:45 Feudal Age
9:22 Arson
10:07 Man-at-Arms
13:21 Scale Mail Armor
16:33 Double-Bit Axe
16:31 Horse Collar
18:48 Forging
19:06 Gold Mining
22:51 Castle Age
23:28 Scale Barding Armor
24:35 Heavy Plow
25:32 Bow Saw
25:51 Bloodlines
27:07 Wheelbarrow
31:59 Hand Cart
31:30 Town Watch
32:40 Iron Casting
32:27 Loom
33:09 Husbandry
36:35 Gold Shaft Mining
38:37 Imperial Age
37:20 Chain Barding Armor
Connection lost

Rejoining the realm…

Still unreachable

The connection could not be restored.

Session expired

The server has moved on; the page needs a fresh start.